 Dungeon Crawl Stone Soup version 0.30-a0-424-g7412bad402 (webtiles) character file.

Game seed: 5721985791376400938

79 AigisTheKnight the Firebug (level 4, -8/27 HPs)
             Began as a Tengu Fire Elementalist on Dec 10, 2022.
             Killed from afar by Natasha (15 damage)
             ... with a bolt of dispelling energy
             ... on level 2 of the Dungeon.
             The game lasted 00:02:17 (1843 turns).

AigisTheKnight the Firebug (TeFE)                   Turns: 1843, Time: 00:02:18

Health: -8/27      AC:  2    Str:  8    XL:     4   Next: 38%
Magic:  5/8        EV: 12    Int: 18    God:
Gold:   96         SH:  0    Dex: 14    Spells: 6/7 levels left

rFire   . . .      SeeInvis .    k - +0 morningstar
rCold   . . .      Faith    .    (no shield)
rNeg    . . .      Spirit   .    a - +0 robe
rPois   .          Reflect  .    (helmet restricted)
rElec   .          Harm     .    (no cloak)
rCorr   .          Rampage  .    (no gloves)
Will    .....                    (boots unavailable)
Stlth   ++........               (no amulet)
HPRegen 0.24/turn                (no ring)
MPRegen 0.11/turn                (no ring)

@: no status effects
A: beak, talons 3
a: no special abilities


You were on level 2 of the Dungeon.
You visited 1 branch of the dungeon, and saw 2 of its levels.

You collected 96 gold pieces.

Inventory:

Hand Weapons
 e - a +0 mace
 k - a +0 morningstar (weapon)
Armour
 a - a +0 robe (worn)
 h - a +0 tower shield
Scrolls
 c - 3 scrolls of teleportation {unknown}
 f - a scroll of amnesia {unknown}
 g - a scroll of vulnerability {unknown}
 i - a scroll of blinking {unknown}
 l - a scroll of butterflies {unknown}
 m - a scroll of identify {unknown}
Potions
 b - a potion of magic
 d - a potion of curing {unknown}
 j - a potion of mutation {unknown}


   Skills:
 + Level 2.4 Fighting
 - Level 2.1 Dodging
 - Level 2.0 Stealth
 - Level 2.0 Spellcasting
 - Level 1.3 Conjurations
 + Level 0.7 Translocations
 + Level 4.4 Fire Magic


You had 6 spell levels left.
You knew the following spells:

 Your Spells              Type           Power      Damage    Failure   Level
a - Foxfire               Conj/Fire      48%        2x1d6     5%          1

Your spell library contained the following spells:

 Spells                   Type           Power      Damage    Failure   Level
 Scorch                   Fire           34%        2d6       4%          2
 Blink                    Tloc           8%         N/A       21%         2
 Inner Flame              Hex/Fire       9%         N/A       22%         3
 Kindle Blastsparks       Fire/Tloc/Air  14%        2d11      26%         3
 Flame Wave               Conj/Fire      12%        2d6       50%         4
 Manifold Assault         Tloc           4%         N/A       80%         4
 Storm Form               Tmut/Air       0%         N/A       100%        7


Dungeon Overview and Level Annotations

Branches:
Dungeon (2/15)

Altars:

Annotations:
D:2 Natasha


Innate Abilities, Weirdness & Mutations

You have a beak for a mouth.
You have claws for feet.


Message History

Confirm with . or Enter, or press ? or * to list all spells.
You conjure some foxfire!
Your foxfire dissipates!
Unknown command.
Casting: Foxfire (safe; 5% risk of failure)
Confirm with . or Enter, or press ? or * to list all spells.
You conjure some foxfire!
Your foxfire dissipates!
Your foxfire dissipates! x2
Your foxfire dissipates! x2
Your foxfire dissipates!
You see here a +0 club.
You see here a bat skeleton.
Natasha, Servant of Life and Death comes into view.
She is carrying a wand of quicksilver (10).
Natasha moves out of view.
Natasha is nearby!
Casting: Foxfire (safe; 5% risk of failure)
Confirm with . or Enter, or press ? or * to list all spells.
You conjure some foxfire!
Natasha zaps a wand.
The bolt of dispelling energy hits your foxfire!
The bolt of dispelling energy hits you!!
Ouch! That really hurt!
* * * LOW HITPOINT WARNING * * *
Casting: Foxfire (safe; 5% risk of failure)
Confirm with . or Enter, or press ? or * to list all spells.
Okay, then.
Your foxfire dissipates!
The foxfire hits Natasha.
Natasha is lightly wounded.
Casting: Foxfire (safe; 5% risk of failure)
Confirm with . or Enter, or press ? or * to list all spells.
You conjure some foxfire!
Unknown command.
Casting: Foxfire (safe; 5% risk of failure)
Confirm with . or Enter, or press ? or * to list all spells.
You conjure some foxfire!
Natasha zaps a wand.
The bolt of dispelling energy misses your foxfire.
The bolt of dispelling energy hits you!
Ouch! That really hurt!
You die...

# #...#...## .# #....<. #
#.#[###..### .# #...... #
##.#.####...#### #.###...... #
#..#..# ###....###.......... #
##.###.## ####..##.......... #
###..#.#..### ##.............
###...##.##...#### ###...........
....###...###..§v#####...........
.####...⌠...)..§@v...h...........
....###...###..vv#####...........
###...##.##...#####..............
###..#.#..### ##..#####....####
##.###.## #..## ####.###. #..#..#
#.## #.#... ##.#.## #.# #.>.#.
#.#.# #####.# ##.##. #...#
#.....# #.##.


You could see Natasha (ally target).

Vanquished Creatures
  Natasha (D:2)
  2 adders (D:2)
  A dart slug (D:1)
  3 bats
  7 endoplasms
  3 goblins
  2 hobgoblins
  6 kobolds
  A quokka (D:2)
  3 ball pythons
  A frilled lizard (D:2)
  A rat (D:2)
31 creatures vanquished.

Vanquished Creatures (others)
  115 foxfires
115 creatures vanquished.

Grand Total: 146 creatures vanquished

Notes
Turn   | Place    | Note
-------+----------+-------------------------------------------
     0 | D:1      | AigisTheKnight the Tengu Fire Elementalist began the quest
                  | for the Orb.
     0 | D:1      | Reached XP level 1. HP: 10/10 MP: 4/4
   239 | D:1      | Reached skill level 1 in Fighting
   239 | D:1      | Reached XP level 2. HP: 16/16 MP: 6/6
   865 | D:1      | Reached XP level 3. HP: 20/20 MP: 3/7
   991 | D:2      | Reached skill level 4 in Fire Magic
  1670 | D:2      | Noticed Natasha
  1682 | D:2      | Killed Natasha
  1683 | D:2      | Reached XP level 4. HP: 25/27 MP: 1/8
  1835 | D:2      | Noticed Natasha
  1843 | D:2      | Killed from afar by Natasha

Illustrated notes

Levels and vault maps discovered:
D:1:      dpeg_arrival_rhombi, layout_basic, hex_tiny
D:2:      minmay_general_purpose_star, layout_basic, uniq_natasha

Skill      XL: |  1  2  3 |
---------------+----------+-----
Fighting       | 1 2 |  2.4
Fire Magic     | 4 |  4.4
Dodging        | |  2.1
Stealth        | |  2.0
Spellcasting   | |  2.0
Conjurations   | |  1.3
Translocations | |  0.7

Action                   |  1- 3 |  4- 6 || total
-------------------------+-------+-------++-------
Melee: Mace              |    15 |       ||    15
       Peck              |     2 |       ||     2
       Kick              |     3 |       ||     3
       Morningstar       |     4 |       ||     4
 Cast: Foxfire           |    76 |     7 ||    83
Armor: Robe              |    10 |       ||    10
Dodge: Dodged            |    24 |       ||    24

Table legend: (Time is in decaauts)
 A = Elapsed time spent in this place.
 B = Non-inter-level travel time spent in this place.
 C = Inter-level travel time spent in this place.
 D = Time resting spent in this place.
 E = Time spent auto-exploring this place.
 F = Levels seen in this place.
 G = Mean time per level.
                   A        B        C        D        E       F      G
               +--------+--------+--------+--------+--------+-----+--------+
         Total |   1849 |   1827 |     22 |     61 |   1538 |   2 |  924.5 |
       Dungeon |   1849 |   1827 |     22 |     61 |   1538 |   2 |  924.5 |
               +--------+--------+--------+--------+--------+-----+--------+

Top non-repeatable levels by time:
     D:1: 943 daAuts
     D:2: 906 daAuts
